 Dungeon Crawl Stone Soup version 0.17-a0-877-ga10078a (webtiles) character file.

4052 hornqvist the Covert (level 10, 0/60 HPs)
             Began as an Octopode Assassin on Apr 30, 2015.
             Was an Initiate of Gozag.
             Succumbed to a scorpion's poison
             ... on level 9 of the Dungeon.
             The game lasted 00:15:07 (11595 turns).

hornqvist the Covert (Octopode Assassin)           Turns: 11595, Time: 00:15:07

Health: 0/60       AC:  6    Str: 18    XL:     10   Next: 24%
Magic:  10/10      EV: 17    Int: 15    God:    Gozag
Gold:   647        SH:  7    Dex: 17    Spells: 0 memorised, 9 levels left

rFire  . . .     SeeInvis .     z - +2 flail (protect)
rCold  . . .     Clarity  .     u - +1 buckler
rNeg   . . .     SustAb   .     (helmet restricted)
rPois  .         Gourm    .     (no amulet)
rElec  .         Spirit   .     x - +4 ring of dexterity
rCorr  .         Warding  .     (no ring)
rMut   .         Stasis   .     (no ring)
MR     .....                    (no ring)
Stlth  ++++++++..               (no ring)
                                (no ring)
                                (no ring)
                                (no ring)

@: mighty, lethally poisoned (0 -> -3), not resistant to hostile enchantments,
extraordinarily stealthy
A: almost no armour, amphibious, 8 rings, constrict 8, camouflage 1, wild magic
1, gelatinous body 1
a: Potion Petition, Call Merchant, Bribe Branch, Renounce Religion


You were on level 9 of the Dungeon.
You worshipped Gozag.
Gozag was noncommittal.
You were hungry.

You visited 2 branches of the dungeon, and saw 10 of its levels.

You collected 1244 gold pieces.
You paid 597 gold pieces to Gozag.

Inventory:

Hand weapons
 b - a +0 blowgun
 o - a +1 dagger of protection
 q - a +2 whip of electrocution
 t - a +1 dagger of chaos
 z - a +2 flail of protection (weapon)
Missiles
 c - 29 poisoned needles (quivered)
 d - 6 curare-tipped needles
 K - 5 needles of frenzy
Armour
 u - a +1 buckler (worn)
Jewellery
 x - a +4 ring of dexterity (left tentacle)
Magical devices
 r - a wand of confusion (25)
 w - a wand of draining (15)
 A - a wand of polymorph (11)
 B - a wand of teleportation (2)
 F - a wand of polymorph (13)
 G - a wand of magic darts (38)
 I - a wand of teleportation (4)
Scrolls
 f - 2 scrolls of enchant armour
 g - 8 scrolls of identify
 h - 6 scrolls of teleportation
 m - 4 scrolls of remove curse
 y - a scroll of recharging
 C - 3 scrolls of blinking
Potions
 j - a potion of cure mutation {unknown}
 l - 2 potions of flight
Comestibles
 e - 6 bread rations
 i - 4 beef jerkies
 n - 4 meat rations


   Skills:
 - Level 2.0 Fighting
 + Level 2.1 Maces & Flails
 - Level 2.0 Throwing
 + Level 7.3 Dodging
 * Level 14.6 Stealth
 + Level 6.7 Shields


You had 9 spell levels left.
You didn't know any spells.

Dungeon Overview and Level Annotations

Branches:
Dungeon (9/15)             Temple (1/1) D:5            Lair (0/8) D:9
    Orc (0/4) D:9

Altars:
Ashenzari
Cheibriados
Dithmenos
Elyvilon
Fedhas
Gozag
Kikubaaqudgha
Makhleb
Nemelex Xobeh
Okawaru
Qazlal
Ru
Sif Muna
Trog
Vehumet
Xom
Yredelemnul
Zin
The Shining One
Lugonu

Shops:
D:4 *   D:10 [

Annotations:
D:3 Sithun's ghost, average OgBe


Innate Abilities, Weirdness & Mutations

You cannot wear most types of armour.
You are amphibious.
You can wear up to eight rings at the same time.
You can use your tentacles to constrict eight enemies at once.
Your skin changes colour to match your surroundings (Stealth).
Your rubbery body absorbs attacks (AC +1).
Your spells are a little harder to cast, but a little more powerful.


Message History

You feel sick.
You take 1 damage, and have 4/60 hp.
* * * LOW HITPOINT WARNING * * *
You feel sick.
* * * LOW HITPOINT WARNING * * *
You feel sick.
You take 1 damage, and have 3/60 hp.
You see here a leather armour.
* * * LOW HITPOINT WARNING * * *
You feel sick.
You take 1 damage, and have 2/60 hp.
* * * LOW HITPOINT WARNING * * *
You feel sick.
There is an open door, spattered with blood here.
You take 1 damage, and have 1/60 hp.
* * * LOW HITPOINT WARNING * * *
You feel sick.
You take 1 damage, and have 1/60 hp.
You die...
Your body crumbles into a pile of gold.

#..# #. ####.## #.
#[...# ####### #.####
#...... ######'#######
#...... #......<.....#
+...... #............#
#.....( #............#
#......
#.....@......#.##.....[
#........$...'.##......
#............####......
###'########## ###'###
#. ..# #..# #####'###
#####'## #......#
#....... ####......#
#....... #..'......#
#.......


There were no monsters in sight!

Vanquished Creatures
  Psyche (D:8)
  A komodo dragon (D:9)
  Grinder (D:5)
  A hungry ghost (D:7)
  An ogre (D:7)
  An ice beast (D:9)
  A phantom (D:5)
  A necrophage (D:9)
  A sky beast (D:6)
  3 black bears
  4 orc warriors
  3 centaurs
  A big kobold (D:8)
  3 giant frogs
  5 scorpions
  5 killer bees (D:8)
  3 crimson imps
  6 orc priests
  5 orc wizards
  6 hounds
  2 jellies
  2 quasits (D:7)
  A giant frog skeleton (D:9)
  3 worker ants
  Natasha (thrice) (D:3)
  4 gnolls (D:8)
  6 adders
  3 oozes
  An adder skeleton (D:7)
  An adder zombie (D:6)
  5 worms
  7 giant geckos
  26 orcs
  19 bats
  6 giant cockroaches
  8 goblins
  13 hobgoblins
  14 jackals
  A ball python (D:2)
  3 giant newts
  2 giant spores
  13 kobolds
  A quokka skeleton (D:8)
  14 rats
  A ballistomycete (D:9)
212 creatures vanquished.

Vanquished Creatures (others)
  7 plants (D:9)
7 creatures vanquished.

Grand Total: 219 creatures vanquished

Notes
Turn   | Place    | Note
--------------------------------------------------------------
     0 | D:1      | hornqvist, the Octopode Assassin, began the quest for the Orb.
     0 | D:1      | Reached XP level 1. HP: 14/14 MP: 1/1
   427 | D:1      | Reached XP level 2. HP: 17/19 MP: 2/2
   679 | D:1      | Reached skill level 6 in Stealth
   771 | D:2      | Found a burning altar of Makhleb.
   803 | D:2      | Reached XP level 3. HP: 7/24 MP: 3/3
  1218 | D:2      | Found a shimmering altar of Xom.
  1384 | D:2      | Reached skill level 7 in Stealth
  1665 | D:3      | Noticed Natasha
  1669 | D:3      | Reached XP level 4. HP: 29/29 MP: 4/4
  1681 | D:3      | Killed Natasha
  2042 | D:3      | Noticed Natasha
  2045 | D:3      | Killed Natasha
  2063 | D:3      | Noticed Natasha
  2071 | D:3      | Killed Natasha
  2244 | D:3      | Noticed Sithun's ghost (average OgBe)
  2460 | D:4      | Reached XP level 5. HP: 34/34 MP: 5/5
  2686 | D:4      | Reached skill level 8 in Stealth
  2722 | D:4      | Found an iron altar of Okawaru.
  3168 | D:4      | Found Zusieff's Assorted Antiques.
  3176 | D:4      | Found a glowing silver altar of Zin.
  3177 | D:4      | Noticed an angel
  3410 | D:4      | Found a blossoming altar of Fedhas.
  3449 | D:5      | Entered Level 5 of the Dungeon
  3450 | D:5      | Found a snail-covered altar of Cheibriados.
  3497 | D:5      | Noticed a phantom
  3509 | D:5      | Killed a phantom
  3509 | D:5      | Reached skill level 1 in Shields
  3509 | D:5      | Reached XP level 6. HP: 39/39 MP: 6/6
  3768 | D:5      | Found a deep blue altar of Sif Muna.
  3803 | D:5      | Noticed Grinder
  3810 | D:5      | Killed Grinder
  3810 | D:5      | Reached skill level 9 in Stealth
  3810 | D:5      | Reached XP level 7. HP: 30/45 MP: 7/7
  3980 | D:5      | Found a staircase to the Ecumenical Temple.
  4034 | Temple   | Entered the Ecumenical Temple
  4048 | Temple   | Became a worshipper of Gozag Ym Sagoz the Greedy
  4127 | D:6      | Found a white marble altar of Elyvilon.
  4136 | D:6      | Reached skill level 10 in Stealth
  4432 | D:6      | Found a bloodstained altar of Trog.
  4675 | D:6      | Found a basalt altar of Yredelemnul.
  4711 | D:6      | Reached XP level 8. HP: 22/50 MP: 8/8
  4717 | D:6      | Reached skill level 11 in Stealth
  5075 | D:6      | Found a snail-covered altar of Cheibriados.
  5864 | D:7      | Reached skill level 5 in Dodging
  6409 | D:7      | You fall through a shaft for 2 floors!
  6453 | D:9      | Reached skill level 12 in Stealth
  6496 | D:9      | Found a staircase to the Lair.
  6497 | D:9      | Noticed a komodo dragon
  7171 | D:8      | Found an opulent altar of Gozag.
  7592 | D:7      | Reached XP level 9. HP: 24/54 MP: 9/9
  8003 | D:7      | Gained mutation: Your spells are a little harder to cast, but a little more powerful. [potion of beneficial mutation]
  8419 | D:8      | Reached skill level 5 in Shields
  8527 | D:8      | Reached skill level 13 in Stealth
  8554 | D:8      | Found a shadowy altar of Dithmenos.
  9063 | D:8      | Noticed Psyche
  9340 | D:8      | Killed Psyche
 10229 | D:8      | Reached skill level 14 in Stealth
 10584 | D:9      | Reached XP level 10. HP: 60/60 MP: 10/10
 10660 | D:9      | Reached skill level 1 in Maces & Flails
 11028 | D:9      | Found a staircase to the Orcish Mines.
 11439 | D:9      | Killed a komodo dragon
 11588 | D:9      | HP: 3/60 [poisoned by a scorpion]
 11591 | D:9      | HP: 1/60 [poisoned by a scorpion]
 11595 | D:9      | Succumbed to a scorpion's poison

Action                   |  1- 3 |  4- 6 |  7- 9 | 10-12 || total
-------------------------+-------+-------+-------+-------++-------
Melee: Dagger            |    54 |    53 |   269 |    54 ||   430
       Whip              |       |    25 |    88 |       ||   113
       Flail             |       |       |     6 |    47 ||    53
 Fire: Blowgun           |       |    19 |    34 |     8 ||    61
Invok: Potion Petition   |       |       |     1 |       ||     1
       Call Merchant     |       |       |     1 |       ||     1
  Use: Potion            |       |       |     7 |     3 ||    10
       Scroll            |       |       |    15 |     1 ||    16
 Stab: Sleeping          |    20 |    13 |    24 |     1 ||    58
       Distracted        |       |       |     6 |     3 ||     9
  Eat: Chunk             |     2 |     6 |       |       ||     8
       Fruit             |       |       |     2 |       ||     2
       Pizza             |       |       |     2 |       ||     2
       Bread ration      |       |       |     4 |       ||     4
       Beef jerky        |       |       |     3 |     2 ||     5
